 Dungeon Crawl Stone Soup version 0.22-a0-425-g89d60a1 (webtiles) character file.

11 Veiltonx the Ruffian (level 2, 0/23 HPs)
             Began as a Draconian Transmuter on May 24, 2018.
             Slain by a rat (2 damage)
             ... on level 1 of the Dungeon.
             The game lasted 00:01:05 (61 turns).

Veiltonx the Ruffian (Draconian Transmuter)           Turns: 61, Time: 00:01:06

Health: 0/23       AC:  4    Str: 12    XL:     2   Next: 17%
Magic:  3/5        EV: 12    Int: 13    God:
Gold:   0          SH:  0    Dex: 11    Spells: 4/5 levels left

rFire    . . .     SeeInvis .     - Unarmed
rCold    . . .     Gourm    .   (no shield)
rNeg     . . .     Faith    .   (armour unavailable)
rPois    .         Spirit   .   (helmet restricted)
rElec    .         Reflect  .   (no cloak)
rCorr    .         Harm     .   (no gloves)
MR       .....                  (no boots)
Stlth    +.........             (no amulet)
HPRegen  0.07/turn              (no ring)
MPRegen  0.09/turn              (no ring)

@: appendage (expiring)
A: unfitting armour, horns 2, cold-blooded, AC +4
a: End Transformation


You were on level 1 of the Dungeon.
You were not hungry.
You had grown temporary horns.
You visited 1 branch of the dungeon, and saw 1 of its levels.

Inventory:

Missiles
 a - 12 arrows
Comestibles
 c - a ration


   Skills:
 + Level 1.1 Fighting
 + Level 1.7 Dodging
 + Level 3.5 Unarmed Combat
 + Level 2.1 Spellcasting
 + Level 2.0 Transmutations


You had 4 spell levels left.
You knew the following spells:

 Your Spells              Type           Power        Failure   Level  Hunger
a - Beastly Appendage     Tmut           #.....       11%         1    ##.....

Your spell library contained the following spells:

 Spells                   Type           Power        Failure   Level  Hunger
 Spider Form              Tmut/Pois      #.........   45%         3    ####...
 Blade Hands              Tmut           #.........   96%         5    ######.
 Ice Form                 Ice/Tmut       #.......     86%         4    #####..
 Sticks to Snakes         Tmut           #.......     16%         2    ###....


Dungeon Overview and Level Annotations

Branches:
Dungeon (1/15)

Altars:


Innate Abilities, Weirdness & Mutations

Your plain brown scales are hard. (AC +4)
You cannot fit into any form of body armour.
You are cold-blooded and may be slowed by cold attacks.
You have a pair of horns on your head.


Message History

* * * LOW HITPOINT WARNING * * *
The rat bites you but does no damage. The rat barely misses you.
You hit the rat but do no damage.
Your tail-slap misses the rat.
The rat bites you but does no damage. The rat completely misses you.
The rat twitches its whiskers.
The rat misses you.
You hit the rat.
The rat is severely wounded.
The rat barely misses you. The rat misses you. The rat closely misses you.
You hit the rat but do no damage. Your headbutt misses the rat.
The rat is severely wounded.
Your transformation is almost over.
The rat barely misses you. The rat bites you but does no damage.
The rat barely misses you.
You hit the rat.
You kill the rat!
You hit the rat.
The rat is heavily wounded.
The rat closely misses you. The rat bites you.
You die...

... .... ...# #..
#..##.. #....#
######### #....#
##.......##
#....###.........#
#....##....r......
#%##..<#†††..@.(.....
.........##...r.......
.........###.........#
.........# ##.......##
.........# #########
...##..... ... ###..!
.. ..... .....


You could see 2 rats.

Vanquished Creatures
  A dart slug (D:1)
  A bat (D:1)
  12 rats (D:1)
14 creatures vanquished.

Notes
Turn   | Place    | Note
-------+----------+-------------------------------------------
     0 | D:1      | Veiltonx the Draconian Transmuter began the quest for the Orb.
     0 | D:1      | Reached XP level 1. HP: 16/16 MP: 3/3
    49 | D:1      | Reached XP level 2. HP: 14/23 MP: 3/5
    61 | D:1      | Slain by a rat

Vault maps used:
D:1:      erik_arrival_orb_chamber

Action                   || total
-------------------------++-------
Melee: Unarmed           ||    37
       Headbutt          ||     3
 Cast: Beastly Appendage ||     4
Armor: Skin              ||    14
Dodge: Dodged            ||    29

Table legend:
 A = Spawn XP
 B = Non-spawn XP
 C = Spawn XP percentage of total XP
 D = Spawn monster count
 E = Non-spawn monster count
 F = Spawn count percentage of total count
 G = Total turns spent on level
                    A         B        C        D         E        F      G
               +---------+---------+-------+---------+---------+-------+---------
         Total |       0 |      17 |   0.0 |       0 |      14 |   0.0 |    61
               +---------+---------+-------+---------+---------+-------+---------
           D:1 |       0 |      17 |   0.0 |       0 |      14 |   0.0 |    61
               +---------+---------+-------+---------+---------+-------+---------
